 Dungeon Crawl Stone Soup version 0.31-a0-177-g4aa6249778 (webtiles) character file.

Game seed: 8120997649410535296

1724 qw the Cleaver (level 9, 0/56 HPs)
             Began as a Gargoyle Fighter on June 18, 2023.
             Killed by nerve-wracking pain
             ... invoked by a shadow imp
              (1 damage)
             ... on level 8 of the Dungeon.
             The game lasted 00:02:26 (4828 turns).

qw the Cleaver (Gargoyle Fighter)                   Turns: 4828, Time: 00:02:26

Health: 0/56       AC: 18    Str: 25    XL:     9   Next: 4%
Magic:  9/9        EV:  8    Int:  8    God:
Gold:   284        SH:  9    Dex:  9    Spells: 8/8 levels left

rFire   + . .        Y - +2 war axe
rCold   . . .        c - +0 buckler
rNeg    + + .        r - +0 chain mail
rPois   inf          (no helmet)
rElec   +            q - +0 cloak
rCorr   .            (no gloves)
SInv    .            o - +0 pair of boots
Will    .....        m - amulet of reflection Stlth
                     g - ring of positive energy
HPRegen 0.29/turn    f - ring of protection from fire
MPRegen 0.11/turn

%: reflection
@: about to teleport
A: sickness immunity, AC +6, negative energy resistance 1, electricity
resistance, torment resistance 1, petrification resistance
a: no special abilities


You were on level 8 of the Dungeon.
You visited 1 branch of the dungeon, and saw 7 of its levels.

You collected 284 gold pieces.


Innate Abilities, Weirdness & Mutations

You are immune to sickness and miasma.
Your stone body is resilient. (AC +6)
You are immune to poison.
You resist negative energy. (rN+)
You are resistant to electric shocks. (rElec)
You are resistant to unholy torment.
You are immune to petrification.


   Skills:
 - Level 6.4 Fighting
 + Level 8.5 Axes
 - Level 2.0 Throwing
 - Level 4.6 Armour
 - Level 1.0 Dodging
 - Level 3.2 Shields


You had 8 spell levels left.
You didn't know any spells.
Your spell library was empty.

Inventory:

Hand Weapons
 l - a +1 hand axe of flaming
 Y - a +2 war axe (weapon)
Missiles
 k - 3 boomerangs
 u - a javelin (quivered)
Armour
 c - a +0 buckler (worn)
 o - a +0 pair of boots (worn)
 q - a +0 cloak (worn)
 r - a +0 chain mail (worn)
Jewellery
 f - a ring of protection from fire (right hand)
 g - a ring of positive energy (left hand)
 m - an amulet of reflection (around neck)
 p - a ring of ice
 s - an amulet of magic regeneration
Scrolls
 n - a scroll of identify
 t - a scroll of fog {unknown}
Potions
 b - a potion of attraction {unknown}
 d - a potion of might
 e - a potion of enlightenment
 h - a potion of curing {unknown}
 j - a potion of lignification

Dungeon Overview and Level Annotations

Branches:
Dungeon (8/15)
 Temple: D:4-7         Lair: D:8-11

Altars:
Dithmenos
Elyvilon
Hepliaklqana
Uskayaw
Xom
Yredelemnul

Annotations:
D:8 Joseph


Message History

You closely miss the howler monkey. You barely miss the howler monkey.
You closely miss the electric eel.
You block the troll's attack. x2; The troll claws you but does no damage.
The electric eel shoots out a bolt of lightning at you!
The bolt of electricity hits you. You resist.
You block the howler monkey's attack. The howler monkey barely misses you.
The shadow imp disappears for a moment.
The troll bites you. You block the troll's attack. The troll barely misses you.
You barely miss the troll.
The troll is moderately wounded.
You slash the howler monkey! You hit the electric eel.
You hit the howler monkey.
The howler monkey hits you but does no damage.
You block the howler monkey's attack.
The howler monkey hits you but does no damage.
The troll bites you! The troll claws you. You block the troll's attack.
The electric eel shoots out a bolt of lightning at you!
The bolt of electricity misses you.
4827 ||| READING scroll of teleportation.
As you read the scroll of teleportation, it crumbles to dust.
You feel strangely unstable.
You block the howler monkey's attack. x2
The shadow imp hits you but does no damage.
The troll bites you but does no damage.
The troll claws you but does no damage. x2
You block the howler monkey's attack.
The electric eel shoots out a bolt of lightning at you!
The bolt of electricity hits you. You resist.
You closely miss the howler monkey.
The howler monkey is severely wounded.
You closely miss the wolf. You slash the troll! You hit the electric eel.
You closely miss the shadow imp. You slash the howler monkey!
You kill the howler monkey!
You block the wolf's attack.
The howler monkey hits you but does no damage.
The electric eel shoots out a bolt of lightning at you!
The bolt of electricity hits you. You resist.
The bolt of electricity hits the shadow imp!
The shadow imp gestures at you. Pain shoots through your body!
You die...

##### ########...####
....$.........#
~.........###.#
~~~..~T5..# #.#
~~~h~Sh@..# #.#
~~~~~~@%h.# #.#
~~~~~~~S..# #.#
..~~~~~~..# #.#
..........# #.########
~.~S~~S...# #........#
.~~~~.....##########.#
~~~~~~~~....# #.#
~~~~~.....# #.#


You could see Joseph, a troll, 2 wolves, a howler monkey, 4 electric eels and a
shadow imp.

Vanquished Creatures
  Sigmund (D:2)
  A sky beast (D:8)
  A black bear (D:5)
  A wolf (D:8)
  An ogre (D:6)
  2 centaurs (D:5)
  2 kobold brigands (D:8)
  3 wights (D:8)
  3 howler monkeys
  4 crimson imps (D:5)
  2 jellies
  5 hounds
  3 iguanas
  4 orc wizards (D:5)
  3 adders
  2 worms (D:3)
  11 orcs
  4 bats
  8 endoplasms
  9 giant cockroaches
  8 goblins
  7 hobgoblins
  9 jackals
  13 kobolds
  7 quokkas
  9 ball pythons
  A ball python zombie (D:3)
  5 frilled lizards
  A giant cockroach zombie (D:3)
  A jackal zombie (D:3)
  A quokka zombie (D:3)
  8 rats
140 creatures vanquished.

Notes
Turn   | Place    | Note
-------+----------+-------------------------------------------
     0 | D:1      | qw the Gargoyle Fighter began the quest for the Orb.
     0 | D:1      | Reached XP level 1. HP: 14/14 MP: 1/1
     0 | D:1      | 0 ||| qw: Version: 0.3-a-5-g6f28e65
     0 | D:1      | 0 ||| qw: Game counter: 671
     0 | D:1      | 0 ||| qw: Always use a shield: true
     0 | D:1      | 0 ||| qw: God list: Okawaru
     0 | D:1      | 0 ||| qw: Allow faded altars: false
     0 | D:1      | 0 ||| qw: Do Orc after D:15 true
     0 | D:1      | 0 ||| qw: Do second Lair branch before Depths: true
     0 | D:1      | 0 ||| qw: Lair rune preference: random
     0 | D:1      | 0 ||| qw: Plans: Normal, Zot:1-4, Slime:5, God:TSO, Crypt,
                  | Tomb, Abyss, Pan, Hells, Win
     0 | D:1      | 0 ||| PLANNING D:1-11
    23 | D:1      | Reached skill level 2 in Axes
   143 | D:1      | Reached XP level 2. HP: 14/19 MP: 2/2
   494 | D:1      | Reached skill level 3 in Axes
   553 | D:1      | Reached XP level 3. HP: 21/23 MP: 3/3
   767 | D:1      | 767 ||| UPGRADING to ring of positive energy.
   930 | D:2      | Noticed Sigmund
   945 | D:2      | Killed Sigmund
   946 | D:2      | Reached skill level 5 in Axes
   946 | D:2      | Reached XP level 4. HP: 14/28 MP: 4/4
   946 | D:2      | Reached XP level 5. HP: 16/32 MP: 5/5
  1076 | D:2      | 1076 ||| Stepping ~*~*~tactically~*~*~ (stealth).
  1231 | D:2      | 1231 ||| Stepping ~*~*~tactically~*~*~ (stealth).
  1402 | D:2      | 1402 ||| DROPPING +0 mace.
  1748 | D:2      | 1748 ||| UPGRADING to ring of protection from fire.
  1749 | D:2      | 1749 ||| READING scroll labelled CAZXUDUQEM.
  1754 | D:2      | 1754 ||| READING scroll labelled BUVVOHUNAI.
  1755 | D:2      | 1755 ||| DRINKING 2 ruby potions.
  1850 | D:3      | Found a white marble altar of Elyvilon.
  1852 | D:3      | 1852 ||| Stepping ~*~*~tactically~*~*~ (stealth).
  1853 | D:3      | 1853 ||| Stepping ~*~*~tactically~*~*~ (stealth).
  1855 | D:3      | 1855 ||| Stepping ~*~*~tactically~*~*~ (stealth).
  1892 | D:3      | 1892 ||| Stepping ~*~*~tactically~*~*~ (stealth).
  1898 | D:3      | Reached XP level 6. HP: 37/37 MP: 6/6
  1910 | D:3      | Reached skill level 1 in Throwing
  1947 | D:3      | 1947 ||| Stepping ~*~*~tactically~*~*~ (stealth).
  1994 | D:3      | 1994 ||| Stepping ~*~*~tactically~*~*~ (stealth).
  2189 | D:3      | Found a basalt altar of Yredelemnul.
  2474 | D:3      | 2474 ||| Stepping ~*~*~tactically~*~*~ (stealth).
  2783 | D:3      | 2783 ||| UPGRADING to +0 cloak.
  2788 | D:3      | 2788 ||| READING scroll labelled BUGGUECYRI.
  2789 | D:3      | 2789 ||| DRINKING 3 emerald potions.
  2790 | D:3      | 2790 ||| DRINKING 2 sedimented emerald potions.
  2791 | D:3      | 2791 ||| DROPPING 2 potions of brilliance.
  2792 | D:3      | 2792 ||| DROPPING potion of degeneration.
  2851 | D:4      | 2851 ||| Stepping ~*~*~tactically~*~*~ (stealth).
  2978 | D:4      | Found a hazy altar of Hepliaklqana.
  3329 | D:4      | 3329 ||| UPGRADING to +0 pair of boots.
  3334 | D:4      | 3334 ||| UPGRADING to amulet of reflection.
  3339 | D:4      | 3339 ||| READING 3 scrolls labelled YMPAOBO ROFRAK.
  3340 | D:4      | 3340 ||| READING scroll labelled PUSYFEMUIS.
  3341 | D:4      | 3341 ||| READING 2 scrolls of identify.
  3341 | D:4      | 3341 ||| IDENTIFYING blue potion
  3342 | D:4      | 3342 ||| DROPPING 2 scrolls of vulnerability.
  3363 | D:5      | Entered Level 5 of the Dungeon
  3364 | D:5      | 3364 ||| PLANNING OSSUARY
  3372 | D:5      | 3372 ||| STAIRDANCE
  3438 | D:5      | 3438 ||| Stepping ~*~*~tactically~*~*~ (stealth).
  3440 | D:5      | 3440 ||| Stepping ~*~*~tactically~*~*~ (hiding).
  3451 | D:5      | Reached skill level 6 in Axes
  3451 | D:5      | Reached XP level 7. HP: 40/43 MP: 7/7
  3457 | D:5      | Reached skill level 1 in Dodging
  3486 | D:5      | Found a shadowy altar of Dithmenos.
  3558 | D:5      | 3558 ||| Stepping ~*~*~tactically~*~*~ (hiding).
  3559 | D:5      | 3559 ||| Stepping ~*~*~tactically~*~*~ (hiding).
  3573 | D:5      | Reached skill level 7 in Axes
  3758 | D:5      | Found a shimmering altar of Xom.
  3775 | D:5      | Reached XP level 8. HP: 47/48 MP: 8/8
  3907 | D:5      | 3907 ||| Stepping ~*~*~tactically~*~*~ (hiding).
  3951 | D:5      | 3951 ||| RIP OSSUARY
  3973 | D:5      | 3973 ||| PLANNING D:1-11
  4202 | D:5      | 4202 ||| UPGRADING to +0 chain mail.
  4212 | D:5      | 4212 ||| DROPPING +0 scale mail.
  4213 | D:5      | 4213 ||| DROPPING ring of magical power.
  4214 | D:5      | 4214 ||| READING scroll labelled FIGURE SIUWE.
  4215 | D:5      | 4215 ||| READING scroll labelled ZIHAJA GEOTSYO.
  4216 | D:5      | 4216 ||| READING scroll labelled SECOAS EXAE.
  4217 | D:5      | 4217 ||| DRINKING 2 fizzy brown potions.
  4218 | D:5      | 4218 ||| DRINKING 2 metallic red potions.
  4227 | D:5      | 4227 ||| DROPPING potion of ambrosia.
  4454 | D:6      | Found a hide-covered altar of Uskayaw.
  4454 | D:6      | You fall into a shaft and drop 2 floors!
  4463 | D:8      | 4463 ||| READING scroll of enchant weapon.
  4463 | D:8      | 4463 ||| ENCHANTING +1 war axe.
  4488 | D:8      | 4488 ||| Stepping ~*~*~tactically~*~*~ (hiding).
  4498 | D:8      | Reached skill level 8 in Axes
  4507 | D:8      | 4507 ||| Stepping ~*~*~tactically~*~*~ (hiding).
  4509 | D:8      | 4509 ||| Stepping ~*~*~tactically~*~*~ (hiding).
  4523 | D:8      | 4523 ||| Stepping ~*~*~tactically~*~*~ (hiding).
  4525 | D:8      | 4525 ||| Stepping ~*~*~tactically~*~*~ (stealth).
  4583 | D:8      | 4583 ||| Stepping randomly (disturbance).
  4584 | D:8      | 4584 ||| Stepping randomly (disturbance).
  4585 | D:8      | 4585 ||| Stepping randomly (disturbance).
  4592 | D:8      | Noticed a troll
  4602 | D:8      | HP: 12/49 [troll (1)]
  4603 | D:8      | 4603 ||| READING 2 scrolls of teleportation.
  4604 | D:8      | HP: 4/49 [troll (9)]
  4605 | D:8      | 4605 ||| DRINKING potion of heal wounds.
  4752 | D:8      | 4752 ||| Stepping ~*~*~tactically~*~*~ (stealth).
  4758 | D:8      | Reached skill level 6 in Fighting
  4758 | D:8      | 4758 ||| Stepping ~*~*~tactically~*~*~ (stealth).
  4759 | D:8      | 4759 ||| Stepping ~*~*~tactically~*~*~ (stealth).
  4784 | D:8      | Reached XP level 9. HP: 56/56 MP: 9/9
  4811 | D:8      | 4811 ||| Stepping ~*~*~tactically~*~*~ (stealth).
  4815 | D:8      | Noticed Joseph
  4826 | D:8      | HP: 6/56 [troll (9)]
  4827 | D:8      | 4827 ||| READING scroll of teleportation.
  4827 | D:8      | HP: 2/56 [electric eel/bolt of electricity (2)]
  4828 | D:8      | Killed from afar by a shadow imp

Levels and vault maps discovered:
D:1:      saegor_arrival_miasma, layout_loops_ring, dk_noncrumbling_3
D:2:      layout_loops_corners, uniq_sigmund
D:3:      minmay_roachtagon, layout_basic, nicolae_yredelemnul_corpse_copse,
          elyvilon_altar_5, serial_bayou_pond_a, minmay_close_crescents
D:4:      layout_basic, nicolae_overflow_crystal_walls,
          kennysheep_generic_room_14
D:5:      layout_gridville, led_xom_imps, nicolae_dithmenos_the_darkroom,
          nicolae_ossuary_entry_monument
D:6:      layout_loops_ring, old_standard_altar
D:8:      minmay_octagon_keep, layout_loops_ring, erik_lair_island,
          gammafunk_ghost_necromancy, uniq_joseph

Skill      XL: |  1  2  3  4  5  6  7  8 |
---------------+-------------------------+-----
Axes           | 2 3 5 6 7 8 |  8.5
Throwing       | 1 2 |  2.0
Fighting       | 4 6 |  6.4
Dodging        | 1 |  1.0
Armour         | 4 |  4.6
Shields        | |  3.2

Action                     |  1- 3 |  4- 6 |  7- 9 || total
---------------------------+-------+-------+-------++-------
  Melee: War axe           |    68 |   144 |   146 ||   358
  Throw: Javelin           |       |    55 |    26 ||    81
         Boomerang         |       |       |     6 ||     6
    Use: Scroll            |       |     6 |     6 ||    12
         Potion            |       |     3 |     3 ||     6
 Armour: Scale mail        |    25 |    69 |    51 ||   145
         Chain mail        |       |       |    64 ||    64
  Dodge: Dodged            |    25 |    58 |    60 ||   143
  Block: Buckler           |    14 |    21 |    92 ||   127

Table legend:
 A = Non-vault XP
 B = Vault XP
 C = Vault XP percentage of total XP
 D = Non-vault monster count
 E = Vault monster count
 F = Vault count percentage of total count
                 A         B        C        D         E       F
            +---------+---------+-------+---------+---------+-------
      Total |    1782 |     737 |  29.3 |     114 |      26 |  18.6
            +---------+---------+-------+---------+---------+-------
        D:1 |      37 |       0 |   0.0 |      21 |       0 |   0.0
        D:2 |      28 |     247 |  89.8 |      18 |       1 |   5.3
        D:3 |      97 |      39 |  28.7 |      17 |      16 |  48.5
        D:4 |     141 |       2 |   1.4 |      17 |       1 |   5.6
        D:5 |     651 |     196 |  23.1 |      22 |       4 |  15.4
        D:6 |     166 |       0 |   0.0 |       3 |       0 |   0.0
        D:8 |     662 |     253 |  27.7 |      16 |       4 |  20.0
            +---------+---------+-------+---------+---------+-------
